 Dungeon Crawl Stone Soup version 0.30-a0-719-gcc4359ea44 (webtiles) character file.

Game seed: 17860791361142172453

39 M4edhros the Insei (level 3, -5/24 HPs)
             Began as an Octopode Transmuter on Jan 26, 2023.
             Slain by an ogre
             ... wielding a +0 giant club
              (29 damage)
             ... on level 4 of the Dungeon.
             The game lasted 00:01:57 (429 turns).

M4edhros the Insei (Octopode Transmuter)             Turns: 429, Time: 00:01:57

Health: -5/24      AC:  2    Str:  9    XL:     3   Next: 45%
Magic:  3/6        EV: 20    Int: 15    God:
Gold:   44         SH:  0    Dex: 19    Spells: 2/6 levels left

rFire   . . .      SeeInvis +      - Unarmed
rCold   . . .      Faith    .    (shield currently unavailable)
rNeg    . . .      Spirit   .    (helmet currently unavailable)
rPois   x          Reflect  .    (no amulet)
rElec   .          Harm     .    b - ring of see invisible
rCorr   .          Rampage  .    c - ring of wizardry
Will    .....                    (no ring)
Stlth   ++                       (no ring)
HPRegen 0.24/turn                (no ring)
MPRegen 0.10/turn                (no ring)
                                 (no ring)
                                 (no ring)

@: spider-form (expiring)
A: venomous fangs, almost no armour, (amphibious), 8 rings, tiny, (camouflage
1), (gelatinous body 1), (nimble swimmer 1), (tentacles)
a: End Transformation


You were on level 4 of the Dungeon.
You were a venomous arachnid creature.
You visited 1 branch of the dungeon, and saw 4 of its levels.

You collected 44 gold pieces.

Inventory:

Missiles
 i - 2 poisoned darts
Jewellery
 b - a ring of see invisible (left front pincers)
 c - a ring of wizardry (right front pincers)
 h - an amulet of magic regeneration
Scrolls
 f - a scroll of enchant weapon {unknown}
 g - a scroll of identify {unknown}
Potions
 a - a potion of lignification
 d - 3 potions of curing {unknown}
 e - a potion of flight {unknown}


   Skills:
 + Level 1.7 Fighting
 + Level 2.4 Dodging
 * Level 3.6 Unarmed Combat
 - Level 2.0 Spellcasting
 + Level 2.2 Transmutations


You had 2 spell levels left.
You knew the following spells:

 Your Spells              Type           Power      Damage    Failure   Level
a - Beastly Appendage     Tmut           16%        N/A       9%          1
b - Spider Form           Tmut/Pois      4%         N/A       30%         3

Your spell library contained the following spells:

 Spells                   Type           Power      Damage    Failure   Level
 Wereblood                Tmut           8%         N/A       12%         2
 Ice Form                 Ice/Tmut       4%         N/A       63%         4


Dungeon Overview and Level Annotations

Branches:
Dungeon (4/15)
 Temple: D:4-7

Altars:


Innate Abilities, Weirdness & Mutations

You are a venomous arachnid creature.
You have venomous fangs.
You are tiny and dextrous.
Your spellcasting is less reliable in this form.
Your armour is entirely melded.
You are incapable of wielding weapons or throwing items.
You cannot wear most types of armour.
((You are amphibious.))
You can wear up to eight rings at the same time.
((Your skin changes colour to match your surroundings (Stealth+).))
((Your rubbery body absorbs attacks. (AC +1, EV +1)))
((You are camouflaged when in or above water. (Stealth+)))
((You have tentacles for arms and can constrict up to eight enemies at once.))


Message History

You hit the endoplasm.
You kill the endoplasm!
You barely miss the hobgoblin. The hobgoblin closely misses you.
You hit the hobgoblin.
The hobgoblin is poisoned.
The hobgoblin is moderately wounded.
The hobgoblin misses you.
You hit the hobgoblin but do no damage.
The hobgoblin looks even sicker.
The hobgoblin is moderately wounded.
You kill the hobgoblin!
You see here an adder corpse.
Your transformation has ended.
An endoplasm comes into view.
The endoplasm quivers.
The endoplasm closely misses you.
You tentacle-slap the endoplasm. Your squeeze misses the endoplasm.
The endoplasm is heavily wounded.
The endoplasm misses you.
You tentacle-slap the endoplasm.
You kill the endoplasm!
Found a stone staircase leading down.
A kobold comes into view. It is wielding a +0 whip.
There is a stone staircase leading down here.
You climb downwards.
The ogre shouts!
Found a scroll labelled ZOIGGU KIPE.
There is a stone staircase leading up here.
Casting: Spider Form (quite dangerous; 16% risk of failure)
Confirm with . or Enter, or press ? or * to list all spells.
The spell is quite dangerous to miscast (16% risk of failure)!
Continue anyway?
You turn into a venomous arachnid creature.
You hit the ogre.
The ogre is lightly wounded.
You hit the ogre.
The ogre is moderately wounded.
The ogre misses you.
You hit the ogre.
The ogre is poisoned.
The ogre is moderately wounded.
The ogre hits you with a +0 giant club!!
Ouch! That really hurt!
You die...

#. .# . .# ## .
.# #.. .#.#
#... ##..#
#....#...#
....?..O.###...
#..s......#
#.#######.# #


You could see an ogre (very poisoned).

Vanquished Creatures
  An adder (D:3)
  A worm (D:2)
  2 bats (D:2)
  3 endoplasms (D:3)
  A giant cockroach (D:3)
  4 hobgoblins
  2 jackals (D:1)
  2 kobolds
  2 quokkas (D:2)
  3 goblins
  A rat (D:2)
22 creatures vanquished.

Notes
Turn   | Place    | Note
-------+----------+-------------------------------------------
     0 | D:1      | M4edhros the Octopode Transmuter began the quest for the
                  | Orb.
     0 | D:1      | Reached XP level 1. HP: 13/13 MP: 3/3
     0 | D:1      | Noticed a tengu
     0 | D:1      | Noticed a tengu
     1 | D:1      | Noticed an octopode
     3 | D:1      | Noticed a merfolk
     5 | D:1      | Noticed a gargoyle
     6 | D:1      | Noticed a naga
     8 | D:1      | Noticed an elf
     9 | D:1      | Noticed a merfolk
    11 | D:1      | Noticed a barachi
    13 | D:1      | Noticed a barachi
    15 | D:1      | Noticed a troll
    15 | D:1      | Noticed a tengu
    17 | D:1      | Noticed an octopode
    17 | D:1      | Noticed a naga
    17 | D:1      | Noticed a barachi
    21 | D:1      | Noticed an elf
   111 | D:1      | Reached XP level 2. HP: 18/18 MP: 5/5
   364 | D:3      | Reached XP level 3. HP: 23/23 MP: 6/6
   370 | D:3      | Learned a level 3 spell: Spider Form
   425 | D:4      | Noticed an ogre
   429 | D:4      | Slain by an ogre

Illustrated notes

Levels and vault maps discovered:
D:1:      shiori_arrival_whats_in_store_for_you, layout_loops_ring
D:2:      layout_rooms, minmay_tetromino_o4
D:3:      layout_basic, mainiacjoe_overflow_alcove_4
D:4:      layout_loops_ring, serial_shops, nicolae_shop_hallway_stairs,
          nicolae_shop_bloodbath_and_beyond, nicolae_shop_advertising_works
          [nicolae_subvault_shop_adworks], shop, nicolae_shop_trees,
          minmay_misc_feat_nine_boxes

Action                     || total
---------------------------++-------
  Melee: Unarmed           ||    55
         Constrict         ||    14
         Tentacles         ||    10
         Kick              ||     1
         Punch             ||     1
   Cast: Beastly Appendage ||     2
         Spider Form       ||     2
   Stab: Sleeping          ||     3
 Armour: Skin              ||     3
  Dodge: Dodged            ||    35

Table legend: (Time is in decaauts)
 A = Elapsed time spent in this place.
 B = Non-inter-level travel time spent in this place.
 C = Inter-level travel time spent in this place.
 D = Time resting spent in this place.
 E = Time spent auto-exploring this place.
 F = Levels seen in this place.
 G = Mean time per level.
                   A        B        C        D        E       F      G
               +--------+--------+--------+--------+--------+-----+--------+
         Total |    424 |    403 |     21 |      0 |    239 |   4 |  106.0 |
       Dungeon |    424 |    403 |     21 |      0 |    239 |   4 |  106.0 |
               +--------+--------+--------+--------+--------+-----+--------+

Top non-repeatable levels by time:
     D:2: 168 daAuts
     D:3: 139 daAuts
     D:1: 112 daAuts
     D:4: 3 daAuts
